 Dungeon Crawl Stone Soup version 0.27-a0-1272-g7c8ad2e407 (webtiles) character file.

Game seed: 10214353636795567571

267 DeathSun the Cudgeller (level 6, -6/36 HPs)
             Began as a Gargoyle Fighter on June 11, 2021.
             Mangled by an iguana (9 damage)
             ... on level 5 of the Dungeon.
             The game lasted 00:08:21 (3741 turns).

DeathSun the Cudgeller (Gargoyle Fighter)           Turns: 3741, Time: 00:08:22

Health: -6/36      AC: 12    Str: 22    XL:     6   Next: 21%
Magic:  6/6        EV:  4    Int:  8    God:
Gold:   80         SH:  9    Dex:  9    Spells: 5/5 levels left

rFire    . . .     SeeInvis .   a - +0 flail
rCold    . . .     Faith    .   c - +0 kite shield
rNeg     + . .     Spirit   .   s - +0 plate armour
rPois    ∞         Reflect  .   (no helmet)
rElec    +         Harm     .   (no cloak)
rCorr    .         Rampage  .   (no gloves)
Will     .....                  e - +0 pair of boots
Stlth    ..........             (no amulet)
HPRegen  0.00/turn              (no ring)
MPRegen  0.10/turn              (no ring)

@: no status effects
A: sickness immunity, AC +4, negative energy resistance 1, electricity
resistance, torment resistance 1, petrification resistance, deformed body,
deterioration 1, frail 1, inhibited regeneration, subdued magic 1
a: no special abilities


You were on level 5 of the Dungeon.
You visited 1 branch of the dungeon, and saw 6 of its levels.

You collected 80 gold pieces.

Inventory:

Hand Weapons
 a - a +0 flail (weapon)
 o - a +0 great mace
Armour
 b - a +0 scale mail
 c - a +0 kite shield (worn)
 e - a +0 pair of boots (worn)
 g - a +0 chain mail
 s - a +0 plate armour (worn)
Jewellery
 j - an amulet of reflection
Scrolls
 h - a scroll of amnesia {unknown}
 i - a scroll of identify {unknown}
 l - a scroll of brand weapon {unknown}
 m - 2 scrolls of summoning {unknown}
 n - a scroll of teleportation
 q - a scroll of blinking {unknown}
 r - a scroll of fear {unknown}
 u - a scroll of vulnerability {unknown}
Potions
 d - a potion of might
 k - 3 potions of haste {unknown}
 p - 2 potions of brilliance {unknown}
 t - a potion of invisibility {unknown}


   Skills:
 + Level 4.8 Fighting
 * Level 5.4 Maces & Flails
 - Level 3.2 Armour
 - Level 3.2 Shields


You had 5 spell levels left.
You didn't know any spells.
Your spell library was empty.

Dungeon Overview and Level Annotations

Branches:
Dungeon (6/15)             Temple (0/1) D:5

Altars:
Uskayaw
Jiyva

Shops:
D:4 (


Innate Abilities, Weirdness & Mutations

You are immune to sickness and miasma.
Your stone body is resilient. (AC +4)
You are immune to poison.
You resist negative energy. (rN+)
You are resistant to electric shocks. (rElec)
You are resistant to unholy torment.
You are immune to petrification.
Armour fits poorly on your strangely shaped body.
Your body sometimes deteriorates upon taking damage.
You are frail. (-10% HP)
You do not regenerate when monsters are visible.
Your spells are a little easier to cast, but a little less powerful.


Message History

The iguana bites you. The adder bites you but does no damage.
You block the adder's attack. The iguana barely misses you.
You block the adder's attack. You block the iguana's attack.
You block the adder's attack. The iguana barely misses you.
The adder bites you but does no damage. The adder bites you but does no damage.
The iguana barely misses you.
You barely miss the iguana.
The iguana is lightly wounded.
The adder bites you.
The iguana bites you but does no damage.
You block the adder's attack.
You sock the iguana!
The iguana is heavily wounded.
The iguana bites you but does no damage.
The adder bites you but does no damage.
A sky beast appears from thin air!
Reactivating autopickup.
The adder bites you but does no damage. The iguana bites you!
The adder barely misses you. The iguana barely misses you.
The iguana bites you but does no damage.
You block the sky beast's attack. The adder bites you but does no damage.
The iguana bites you. The adder bites you but does no damage.
You block the sky beast's attack. You block the adder's attack.
You block the iguana's attack.
The sky beast hits you but does no damage.
The adder barely misses you. The iguana bites you.
You block the sky beast's attack. The adder bites you.
The iguana bites you but does no damage.
The sky beast hits you but does no damage.
The adder bites you but does no damage. The adder barely misses you.
The iguana closely misses you. You block the sky beast's attack.
The adder barely misses you. The iguana bites you!
* * * LOW HITPOINT WARNING * * *
The sky beast hits you but does no damage.
You block the adder's attack.
The iguana bites you but does no damage.
The sky beast barely misses you. You block the adder's attack.
The adder bites you but does no damage. The iguana bites you!
You die...

***,,,,,........,,,<,,,,**
*,,,,,###....)####,,***,,*
***,,,,*#.>.........,#* **,**
,,,,...##........#**.# **,,***
**,...........<#..,..###*≈≈,≈≈**
*,,..........$.####....#≈≈≈,,≈≈*
,,,..####)..............≈,≈≈,,≈*
**,.,* ##...##SlY......≈≈≈_≈,≈*
*,,,* ##..##.@.......≈≈≈≈,≈≈*
*,,,* #..##.........≈≈≈,,≈≈*
**,,,* #...#.........*≈≈≈≈≈**
*,,,,*****#.....########*,*****
*,,,,,,,,,.....##*,,,,,,,,,**
*,,,,,,,,***...,**,*******,>*
***,,,,,,* ##..,**,* ****
****,,,* ##.,**,* *,,,* *,,**,*


You could see a sky beast, an iguana and an adder.

Vanquished Creatures
  A sky beast (D:5)
  A bullfrog skeleton (D:3)
  A hound skeleton (D:4)
  A howler monkey zombie (D:6)
  3 adders (D:2)
  2 worms
  3 dart slugs (D:1)
  3 orcs (D:4)
  7 ball pythons
  6 endoplasms
  3 giant cockroaches (D:2)
  2 goblins
  4 hobgoblins
  10 jackals
  7 kobolds
  6 quokkas
  5 bats
  4 frilled lizards
  8 rats
77 creatures vanquished.

Notes
Turn   | Place    | Note
-------+----------+-------------------------------------------
     0 | D:1      | DeathSun the Gargoyle Fighter began the quest for the Orb.
     0 | D:1      | Reached XP level 1. HP: 14/14 MP: 1/1
    55 | D:1      | Reached XP level 2. HP: 4/19 MP: 2/2
   446 | D:1      | Reached skill level 3 in Maces & Flails
   625 | D:1      | Reached XP level 3. HP: 21/23 MP: 3/3
  1456 | D:2      | Reached XP level 4. HP: 22/29 MP: 4/4
  1810 | D:2      | Reached skill level 4 in Maces & Flails
  1861 | D:2      | Found a faded altar of an unknown god.
  1868 | D:2      | Became a worshipper of Jiyva Juocu the Shapeless
  1868 | D:2      | Reached * piety under Jiyva
  1874 | D:2      | Fell from the grace of Jiyva
  2214 | D:2      | Gained mutation: Your body sometimes deteriorates upon
                  | taking damage. [mutagenic glow]
  2446 | D:2      | Noticed a great orb of eyes
  2521 | D:3      | Reached XP level 5. HP: 19/33 MP: 5/5
  3018 | D:4      | Found Oxtint Ipro's Weapon Emporium.
  3062 | D:4      | You fall into a shaft and drop 2 floors!
  3064 | D:6      | Found a hide-covered altar of Uskayaw.
  3078 | D:6      | Noticed a water moccasin
  3274 | D:6      | Noticed a centaur
  3299 | D:6      | Gained mutation: Armour fits poorly on your strangely
                  | shaped body. [the vengeance of Jiyva]
  3332 | D:6      | Noticed a sky beast
  3353 | D:5      | Entered Level 5 of the Dungeon
  3369 | D:5      | Gained mutation: You do not regenerate when monsters are
                  | visible. [the vengeance of Jiyva]
  3369 | D:5      | Gained mutation: Your spells are a little easier to cast,
                  | but a little less powerful. [the vengeance of Jiyva]
  3369 | D:5      | Gained mutation: You are frail. (-10% HP) [the vengeance of
                  | Jiyva]
  3386 | D:5      | Killed a sky beast
  3387 | D:5      | Reached skill level 5 in Maces & Flails
  3387 | D:5      | Reached XP level 6. HP: 9/36 MP: 6/6
  3714 | D:5      | Noticed a sky beast
  3741 | D:5      | Mangled by an iguana

Illustrated notes

Levels and vault maps discovered:
D:1:      dpeg_arrival_solitude, layout_rooms, dk_noncrumbling_2
D:2:      layout_loops_cross, shapermc_ecumenical_altar_starsandcircs
D:3:      layout_rooms, minmay_goblin_kobold_house
D:4:      layout_loops_ring, serial_shops, shop_fountains
D:5:      layout_rooms, dk_yredelemnul_ordeal, xom_confusion_cloud,
          temple_statues, hangedman_decor_growths, uniq_sigmund,
          uniq_blork_the_orc, uniq_edmund
D:6:      layout_layer_cave, nicolae_overflow_crystal_walls, enter_ossuary_1,
          minmay_crossroads

Skill      XL: |  1  2  3  4  5 |
---------------+----------------+-----
Maces & Flails | 3 4 5 |  5.4
Fighting       | 4 |  4.8
Armour         | |  3.2
Shields        | |  3.2

Action                   |  1- 3 |  4- 6 || total
-------------------------+-------+-------++-------
Melee: Flail             |   140 |   160 ||   300
Invok: Renounce Religion |       |     1 ||     1
  Use: Scroll            |       |     3 ||     3
       Potion            |       |     1 ||     1
Armor: Scale mail        |    59 |       ||    59
       Chain mail        |    38 |   101 ||   139
       Plate armour      |       |    51 ||    51
Dodge: Dodged            |    38 |    56 ||    94
Block: Kite shield       |    72 |   102 ||   174

Table legend: (Time is in decaauts)
 A = Elapsed time spent in this place.
 B = Non-inter-level travel time spent in this place.
 C = Inter-level travel time spent in this place.
 D = Time resting spent in this place.
 E = Time spent auto-exploring this place.
 F = Levels seen in this place.
 G = Mean time per level.
                   A        B        C        D        E       F      G
               +--------+--------+--------+--------+--------+-----+--------+
         Total |   3875 |   3843 |     32 |   1640 |   1185 |   6 |  645.8 |
       Dungeon |   3875 |   3843 |     32 |   1640 |   1185 |   6 |  645.8 |
               +--------+--------+--------+--------+--------+-----+--------+

Top non-repeatable levels by time:
     D:1: 1481 daAuts
     D:2: 1133 daAuts
     D:4: 401 daAuts
     D:5: 401 daAuts
     D:6: 292 daAuts
     D:3: 165 daAuts
